 Dungeon Crawl Stone Soup version 0.30-a0-1018-g25214051b3 (webtiles) character file.

Game seed: 12300259393092053908

95 pokeman the Magician (level 4, -5/25 HPs)
             Began as a Deep Elf Hedge Wizard on Apr 7, 2023.
             Was an Initiate of Vehumet.
             Slain by Grinder (6 damage)
             ... while paralysed by Grinder
             ... on level 3 of the Dungeon.
             The game lasted 00:04:10 (2843 turns).

pokeman the Magician (Deep Elf Hedge Wizard)        Turns: 2843, Time: 00:04:11

Health: -5/25      AC:  3    Str:  7    XL:     4   Next: 40%
Magic:  8/13       EV:  2    Int: 21    God:    Vehumet [......]
Gold:   190        SH:  0    Dex: 14    Spells: 6/14 levels left

rFire   . . .      SeeInvis .    m - +2 short sword (vamp)
rCold   . . .      Faith    .    (no shield)
rNeg    . . .      Spirit   .    b - +0 robe
rPois   .          Reflect  .    q - +0 helmet
rElec   .          Rampage  .    (no cloak)
rCorr   .                        (no gloves)
Will    .....                    (no boots)
Stlth   ++                       (no amulet)
HPRegen 0.24/turn                (no ring)
MPRegen 0.13/turn                (no ring)

@: paralysed
A: no striking features
a: Renounce Religion


You were on level 3 of the Dungeon.
You worshipped Vehumet.
Vehumet was noncommittal.
You visited 1 branch of the dungeon, and saw 4 of its levels.

You collected 190 gold pieces.

Inventory:

Hand Weapons
 m - a +2 vampiric short sword (weapon)
Armour
 a - a +0 tower shield
 b - a +0 robe (worn)
 q - a +0 helmet (worn)
Scrolls
 c - a scroll of amnesia {unknown}
 e - 2 scrolls of identify {unknown}
 g - a scroll of magic mapping {unknown}
 h - a scroll of enchant weapon {unknown}
 i - a scroll of immolation {unknown}
 k - 2 scrolls of teleportation {unknown}
 o - a scroll of enchant armour {unknown}
 s - 2 scrolls of fear {unknown}
 u - a scroll of vulnerability {unknown}
Potions
 d - a potion of magic
 f - 4 potions of curing {unknown}
 j - 3 potions of might {unknown}
 l - a potion of heal wounds {unknown}
 n - 2 potions of flight {unknown}
 p - a potion of attraction {unknown}
 r - 2 potions of mutation {unknown}
 t - a potion of cancellation {unknown}


   Skills:
 - Level 1.0 Fighting
 - Level 1.1 Armour
 + Level 2.6 Dodging
 + Level 2.6 Stealth
 * Level 5.6 Spellcasting
 + Level 2.2 Conjurations
 - Level 1.1 Summonings
 - Level 1.1 Translocations


You had 6 spell levels left.
You knew the following spells:

 Your Spells              Type           Power      Damage    Failure   Level
a - Magic Dart            Conj           60%        1d6       4%          1
b - Mephitic Cloud        Conj/Pois/Air  9%         N/A       22%         3
c - Call Imp              Summ           20%        N/A       10%         2
d - Blink                 Tloc           20%        N/A       10%         2

Your spell library contained the following spells:

 Spells                   Type           Power      Damage    Failure   Level
 Momentum Strike          Conj/Tloc      26%        3d8       8%          2
 Slow                     Hex            20%        N/A       10%         1
 Lesser Beckoning         Tloc           20%        N/A       10%         2
 Cigotuvi's Dreadful Rot  Necr/Pois/Air  10%        N/A       16%         2


Dungeon Overview and Level Annotations

Branches:
Dungeon (4/15)
 Temple: D:4-7

Altars:
Cheibriados
Dithmenos
Kikubaaqudgha
Ru
Vehumet

Annotations:
D:3 Grinder


Message History

Grinder is moderately wounded.
Grinder barely misses you.
Your cerulean imp barely misses Grinder.
You hit Grinder.
Grinder is moderately wounded.
Grinder gestures at you.
You barely resist.
Your cerulean imp hits Grinder with a -3 spear.
You barely miss Grinder.
Grinder is moderately wounded.
Grinder hits you.
You writhe in agony.
Your cerulean imp barely misses Grinder.
You barely miss Grinder.
Grinder is moderately wounded.
Grinder hits you.
You writhe in agony.
Your cerulean imp closely misses Grinder.
You completely miss Grinder.
Grinder is moderately wounded.
Grinder closely misses you.
Your cerulean imp hits Grinder with a -3 spear.
You hit Grinder but do no damage.
Grinder is moderately wounded.
Grinder gestures at you.
You barely resist.
Your cerulean imp hits Grinder with a -3 spear.
You hit Grinder.
Grinder is heavily wounded.
Grinder gestures at you.
You suddenly lose the ability to move!
Your cerulean imp barely misses Grinder.
Grinder hits you.
* * * LOW HITPOINT WARNING * * *
You writhe in agony.
* * * LOW HITPOINT WARNING * * *
Your cerulean imp hits Grinder but does no damage.
Grinder says, "DUCK!"
Grinder hits you.
* * * LOW HITPOINT WARNING * * *
You writhe in agony.
You die...

#### ...# #####
...# #...####
...####.#.##.#####
...............5@#
...#..#......#5###
.....######....#
.##### ##...# .#
###.# ## #.# #.#
#.# ##.#


You could see Grinder (ally target) and a friendly cerulean imp (summoned).

Vanquished Creatures
  Terence (D:2)
  2 adders (D:2)
  A worm (D:2)
  4 ball pythons
  8 bats
  7 endoplasms
  2 giant cockroaches
  3 goblins
  4 hobgoblins
  5 kobolds
  2 rats
39 creatures vanquished.

Vanquished Creatures (collateral kills)
  A worm (D:2)
1 creature vanquished.

Grand Total: 40 creatures vanquished

Notes
Turn   | Place    | Note
-------+----------+-------------------------------------------
     0 | D:1      | pokeman the Deep Elf Hedge Wizard began the quest for the
                  | Orb.
     0 | D:1      | Reached XP level 1. HP: 10/10 MP: 7/7
   170 | D:1      | Reached XP level 2. HP: 7/16 MP: 0/9
   848 | D:2      | Reached skill level 5 in Spellcasting
   971 | D:2      | Reached XP level 3. HP: 20/20 MP: 6/11
   975 | D:2      | Learned a level 3 spell: Mephitic Cloud
   978 | D:2      | Learned a level 2 spell: Call Imp
   981 | D:2      | Learned a level 2 spell: Blink
  1112 | D:2      | Noticed Terence
  1133 | D:2      | Killed Terence
  1134 | D:2      | Reached skill level 1 in Fighting
  1134 | D:2      | Reached skill level 1 in Armour
  1261 | D:2      | Reached XP level 4. HP: 25/25 MP: 7/13
  2617 | D:3      | Found a shadowy altar of Dithmenos.
  2625 | D:3      | Found a snail-covered altar of Cheibriados.
  2625 | D:3      | Found a radiant altar of Vehumet.
  2625 | D:3      | Found a sacrificial altar of Ru.
  2627 | D:3      | Found an ancient bone altar of Kikubaaqudgha.
  2634 | D:3      | Became a worshipper of Vehumet
  2741 | D:4      | Noticed Grinder
  2743 | D:4      | Paralysed by Grinder for 2 turns
  2755 | D:4      | Noticed a phantom
  2841 | D:3      | Paralysed by Grinder for 3 turns
  2843 | D:3      | HP: 1/25 [Grinder (1)]
  2843 | D:3      | Slain by Grinder

Illustrated notes

Levels and vault maps discovered:
D:1:      giann_forest_graveyard, layout_basic,
          nicolae_concentric_dashed_squares_wild
D:2:      layout_basic, uniq_terence
D:3:      layout_basic, minitemple
D:4:      layout_rooms, grunt_temple_overflow_order_and_chaos_1, serial_shops,
          kennysheep_mini, nicolae_stop_n_shop_1, nicolae_shop_hallway_plus,
          kennysheep_mini_moat, nicolae_shop_stone, uniq_grinder

Skill      XL: |  1  2  3 |
---------------+----------+-----
Spellcasting   | 5 |  5.6
Fighting       | 1 |  1.0
Armour         | 1 |  1.1
Conjurations   | 2 |  2.2
Dodging        | |  2.6
Stealth        | |  2.6
Summonings     | |  1.1
Translocations | |  1.1

Action                     |  1- 3 |  4- 6 || total
---------------------------+-------+-------++-------
  Melee: Dagger            |    25 |       ||    25
         Short sword       |       |    13 ||    13
   Cast: Magic Dart        |    54 |    44 ||    98
         Mephitic Cloud    |     3 |     2 ||     5
         Call Imp          |     1 |     4 ||     5
   Stab: Confused          |     4 |     1 ||     5
 Armour: Robe              |     9 |     3 ||    12
  Dodge: Dodged            |    13 |    11 ||    24

Table legend: (Time is in decaauts)
 A = Elapsed time spent in this place.
 B = Non-inter-level travel time spent in this place.
 C = Inter-level travel time spent in this place.
 D = Time resting spent in this place.
 E = Time spent auto-exploring this place.
 F = Levels seen in this place.
 G = Mean time per level.
                   A        B        C        D        E       F      G
               +--------+--------+--------+--------+--------+-----+--------+
         Total |   2842 |   2746 |     96 |     74 |   2347 |   4 |  710.5 |
       Dungeon |   2842 |   2746 |     96 |     74 |   2347 |   4 |  710.5 |
               +--------+--------+--------+--------+--------+-----+--------+

Top non-repeatable levels by time:
     D:2: 1261 daAuts
     D:1: 831 daAuts
     D:3: 726 daAuts
     D:4: 23 daAuts
